 Dungeon Crawl Stone Soup version 0.26-a0-652-gafc20e3620 (webtiles) character file.

Game seed: 12723189953770362664

249 mg7810 the Chucker (level 5, -2/42 HPs)
             Began as a Draconian Hunter on Sept 30, 2020.
             Killed from afar by an orc (18 damage)
             ... with a bolt of acid
             ... on level 4 of the Dungeon on Oct 1, 2020.
             The game lasted 00:12:38 (3154 turns).

mg7810 the Chucker (Draconian Hunter)               Turns: 3154, Time: 00:12:39

Health: -2/42      AC: 10    Str: 15    XL:     5   Next: 87%
Magic:  5/5        EV: 12    Int: 11    God:
Gold:   226        SH:  0    Dex: 12    Spells: 4/4 levels left

rFire    . . .     SeeInvis .   l - +7 whip "Piluam" {flame, rC++}
rCold    + + .     Faith    .   (no shield)
rNeg     . . .     Spirit   .   (armour unavailable)
rPois    +         Reflect  .   (helmet restricted)
rElec    .         Harm     .   (no cloak)
rCorr    .         Rampage  .   h - +1 pair of gloves
MR       .....                  r - +2 pair of boots
Stlth    ++........             (no amulet)
HPRegen  0.14/turn              i - ring of poison resistance
MPRegen  0.09/turn              (no ring)

@: no status effects
A: unfitting armour, cold-blooded, AC +5
a: no special abilities


You were on level 4 of the Dungeon.
You visited 1 branch of the dungeon, and saw 4 of its levels.

You collected 226 gold pieces.

Inventory:

Hand Weapons
 a - a +0 short sword
 g - a +3 short sword of draining
 l - the +7 whip "Piluam" (weapon) {flame, rC++}
   (You took it off an orc on level 4 of the Dungeon)

   It has been specially enchanted to burn those struck by it, causing extra
   injury to most foes and up to half again as much damage against particularly
   susceptible opponents.
   It greatly protects you from cold.
 q - a +0 dagger of venom
Missiles
 b - 12 javelins
 d - 4 curare-tipped darts (quivered)
 n - 10 poisoned darts
Armour
 h - a +1 pair of gloves (worn)
 r - a +2 pair of boots (worn)
Jewellery
 i - a ring of poison resistance (left hand)
Wands
 p - a wand of flame (14)
Scrolls
 e - a scroll of blinking
 f - 3 scrolls of remove curse
 t - 2 scrolls of identify
Potions
 c - 2 potions of berserk rage {unknown}
 j - a potion of resistance {unknown}
 k - a potion of might {unknown}
 m - 2 potions of flight {unknown}
 o - a potion of ambrosia
 s - a potion of lignification {unknown}


   Skills:
 + Level 2.7 Fighting
 - Level 2.3 Short Blades
 * Level 0.5 Maces & Flails
 + Level 4.5 Throwing
 + Level 2.5 Dodging
 + Level 1.9 Stealth
 * Level 1.8 Unarmed Combat
 * Level 1.3 Evocations


You had 4 spell levels left.
You didn't know any spells.
Your spell library was empty.

Dungeon Overview and Level Annotations

Branches:
Dungeon (4/15)             Temple (0/1) D:4

Altars:
Elyvilon
Gozag
Kikubaaqudgha
Qazlal
Uskayaw
Yredelemnul
The Shining One


Innate Abilities, Weirdness & Mutations

Your plain brown scales are hard. (AC +5)
You cannot fit into any form of body armour.
You are cold-blooded and may be slowed by cold attacks.


Message History

Found a stone staircase leading down.
The orc shouts!
You hit the orc. You burn the orc.
You tail-slap the orc, but do no damage.
The orc is almost dead.
You hear an angry hiss.
The orc throws a boomerang.
The boomerang misses you.
The weapon returns to the orc!
The orc zaps a wand.
The bolt of acid hits the orc!
The orc is splashed with acid.
The acid corrodes the orc!
The orc dies!
The bolt of acid hits you!
You are splashed with acid!
You hit the orc but do no damage.
The orc is almost dead.
The orc throws a stone.
The stone hits you but does no damage. The orc closely misses you.
The orc zaps a wand.
The bolt of acid hits the orc!
The orc is splashed with acid.
The acid corrodes the orc!
The orc dies!
The bolt of acid hits you!!
You die...

######....,*#.#*,*,,,,,*,***,*
#############.#*,****,,,,,,*,*
............#.##,,,,,,,#*,,,,*
..##########...#******.#**,***
#.######## #(⌠.# *,..#**,*
#.#......###((.#####.#..,,,*
..'...........(........>******
###.......⌠..>..o...<...,,,,,*
................@.)o....,,**,*
##...###.###...###o.....*,**,*
##...#...# #.⌠.# *......,,**,*
.....#.#***#...# *,,....,,,,,*
#....#,**,..#.## *,,,...,*****
#......#*...#.,* *,,**##,*
#..........,.#,***,,,,,*,*
#.........,,,,,,,,,,,,**,*
####......,,,*,****,****,*


You could see 3 orcs.

Vanquished Creatures
  A hound (D:4)
  4 orc wizards (D:4)
  3 adders
  A howler monkey skeleton (D:4)
  A white imp (D:4)
  An ooze (D:1)
  3 worms
  A dart slug (D:2)
  A leopard gecko (D:4)
  7 orcs
  A ball python (D:1)
  3 bats
  A giant cockroach (D:1)
  5 goblins
  2 hobgoblins
  A quokka (D:3)
  3 frilled lizards
  3 kobolds
  4 rats
46 creatures vanquished.

Vanquished Creatures (others)
  2 orcs (D:4)
2 creatures vanquished.

Grand Total: 48 creatures vanquished

Notes
Turn   | Place    | Note
-------+----------+-------------------------------------------
     0 | D:1      | mg7810 the Draconian Hunter began the quest for the Orb.
     0 | D:1      | Reached XP level 1. HP: 17/17 MP: 1/1
   629 | D:1      | Reached skill level 4 in Throwing
   629 | D:1      | Reached XP level 2. HP: 16/24 MP: 2/2
  1144 | D:2      | Reached XP level 3. HP: 29/29 MP: 3/3
  1150 | D:2      | Reached skill level 1 in Stealth
  1379 | D:2      | Found a faded altar of an unknown god.
  1383 | D:2      | Became a worshipper of Uskayaw the Reveler
  1383 | D:2      | Reached * piety under Uskayaw
  1593 | D:2      | Fell from the grace of Uskayaw
  1643 | D:3      | Reached skill level 1 in Short Blades
  1670 | D:3      | Found an opulent altar of Gozag.
  1670 | D:3      | Found an ancient bone altar of Kikubaaqudgha.
  1710 | D:3      | Noticed a fire elemental
  1712 | D:3      | Found a stormy altar of Qazlal.
  1713 | D:3      | Noticed an earth elemental
  1713 | D:3      | Noticed a water elemental
  1713 | D:3      | Noticed an air elemental
  2521 | D:3      | Found a basalt altar of Yredelemnul.
  2612 | D:3      | Found a glowing golden altar of the Shining One.
  2654 | D:3      | Upgraded the game from 0.26-a0-651-gb41185065b to
                  | 0.26-a0-652-gafc20e3620
  2770 | D:4      | Noticed a +0 hand axe
  2771 | D:4      | Noticed a +0 hand axe
  2773 | D:4      | Found a hide-covered altar of Uskayaw.
  2864 | D:4      | Found a white marble altar of Elyvilon.
  2870 | D:4      | Reached XP level 4. HP: 37/37 MP: 4/4
  2870 | D:4      | Reached skill level 1 in Unarmed Combat
  2905 | D:4      | Reached XP level 5. HP: 40/42 MP: 5/5
  2910 | D:4      | Reached skill level 1 in Evocations
  2938 | D:4      | Identified the +7 whip "Piluam" {flame, rC++}
  3146 | D:4      | Found a staircase to the Ecumenical Temple.
  3154 | D:4      | Killed from afar by an orc

Illustrated notes

Levels and vault maps discovered:
D:1:      ebering_trefoil_3fold, layout_rooms
D:2:      layout_basic, chequers_ecumenical_altar_grove,
          corexii_leaking_fountain, nrook_campfire
D:3:      layout_basic, yredelemnul_altar_generic,
          nicolae_tso_swordbearing_angel, nicolae_qazlal_style_of_elements,
          chequers_temple_overflow_statue_of_worship,
          cheibrodos_sewer_entry_bend
D:4:      layout_basic, dancing_weapons_uskayaw, lemuel_doored_altar,
          minmay_temple_entry_junction

Skill      XL: |  1  2  3  4  5 |
---------------+----------------+-----
Throwing       | 4 |  4.5
Dodging        | 2 |  2.5
Stealth        | 1 |  1.9
Short Blades   | 1 2 |  2.3
Unarmed Combat | 1 |  1.8
Evocations     | 1 |  1.3
Fighting       | |  2.7
Maces & Flails | |  0.5

Action                   |  1- 3 |  4- 6 || total
-------------------------+-------+-------++-------
Melee: Short sword       |    69 |    23 ||    92
       Tailslap          |    12 |     5 ||    17
       Dagger            |    21 |       ||    21
       Whip              |       |    10 ||    10
Throw: Dart              |     6 |     5 ||    11
       Javelin           |     2 |     1 ||     3
Invok: Renounce Religion |     1 |       ||     1
  Use: Scroll            |    10 |     1 ||    11
 Stab: Sleeping          |     3 |       ||     3
       Distracted        |     1 |       ||     1
Armor: Skin              |    24 |    13 ||    37
Dodge: Dodged            |    52 |    21 ||    73

Table legend: (Time is in decaauts)
 A = Elapsed time spent in this place.
 B = Non-inter-level travel time spent in this place.
 C = Inter-level travel time spent in this place.
 D = Time resting spent in this place.
 E = Time spent auto-exploring this place.
 F = Levels seen in this place.
 G = Mean time per level.
                   A        B        C        D        E       F      G
               +--------+--------+--------+--------+--------+-----+--------+
         Total |   3171 |   3049 |    122 |      0 |   2145 |   4 |  792.8 |
       Dungeon |   3171 |   3049 |    122 |      0 |   2145 |   4 |  792.8 |
               +--------+--------+--------+--------+--------+-----+--------+

Top non-repeatable levels by time:
     D:3: 1134 daAuts
     D:1: 857 daAuts
     D:2: 765 daAuts
     D:4: 414 daAuts
